 Dungeon Crawl Stone Soup version 0.19.5 (webtiles) character file.

88 miragecloak the Poker (level 4, 0/35 HPs)
             Began as a Merfolk Abyssal Knight on May 9, 2017.
             Was a Believer of Lugonu.
             Killed from afar by an orc wizard (9 damage)
             ... with a puff of frost
             ... on level 2 of the Dungeon.
             The game lasted 00:02:02 (1874 turns).

miragecloak the Poker (Merfolk Abyssal Knight)      Turns: 1874, Time: 00:02:02

Health: 0/35       AC:  3    Str: 12    XL:     4   Next: 54%
Magic:  5/5        EV: 12    Int: 11    God:    Lugonu [**....]
Gold:   123        SH:  0    Dex: 14    Spells: 0 memorised, 3 levels left

rFire  . . .     SeeInvis .     m - +0 trident
rCold  . . .     Gourm    .     b - +0 leather armour
rNeg   . . .     Faith    .     (no shield)
rPois  .         Spirit   .     (no helmet)
rElec  .         Reflect  .     (no cloak)
rCorr  .         Harm     .     (no gloves)
MR     .....                    (no boots)
Stlth  +.........               (no amulet)
                                (no ring)
                                (no ring)

@: no status effects
A: change form in water, swift swim, stealthy swim
a: Depart the Abyss, Bend Space, Renounce Religion


You were on level 2 of the Dungeon.
You worshipped Lugonu.
Lugonu was pleased with you.
You were not hungry.

You visited 1 branch of the dungeon, and saw 3 of its levels.
You visited the Abyss 1 time.

You collected 123 gold pieces.

Inventory:

Hand Weapons
 a - a +1 spear
 m - a +0 trident (weapon)
Armour
 b - a +0 leather armour (worn)
Scrolls
 d - 2 scrolls of identify {unknown}
 f - a scroll of teleportation {unknown}
 h - a scroll of enchant armour {unknown}
 l - a scroll of recharging {unknown}
Potions
 e - 2 potions of resistance {unknown}
 i - 2 potions of lignification {unknown}
 j - 2 potions of mutation {unknown}
 n - a potion of curing {unknown}
 o - a potion of ambrosia {unknown}
Books
 p - Sif Muna's Papyrus of Enhancements
   (You found it on level 2 of the Dungeon)

   Spells                             Type                      Level
   a - Infusion                       Charms                       1
Comestibles
 c - a bread ration
 g - 2 fruits
 k - a meat ration


   Skills:
 - Level 3.2 Fighting
 + Level 6.7 Polearms
 - Level 0.6 Armour
 - Level 2.6 Dodging
 - Level 2.0 Invocations


You had 3 spell levels left.
You didn't know any spells.

Dungeon Overview and Level Annotations

Branches:
Dungeon (3/15)

Altars:
Kikubaaqudgha
Sif Muna
Vehumet


Message History

The orc wizard gestures wildly while chanting.
The orc wizard seems to speed up.
You closely miss the orc wizard.
The orc wizard is moderately wounded.
The orc wizard hits you with a dagger.
You closely miss the orc wizard.
The orc wizard is moderately wounded.
The orc wizard gestures at you while chanting.
The puff of flame hits you!
* * * LOW HITPOINT WARNING * * *
The orc wizard hits you with a dagger.
* * * LOW HITPOINT WARNING * * *
You completely miss the orc wizard.
The orc wizard is moderately wounded.
The orc wizard misses you.
You hit the orc wizard.
The orc wizard is heavily wounded.
The orc wizard casts a spell at you. The puff of frost hits you!
You die...

..##.## <.....###
........#
#.##..#.#
#.##..#.##########
..##.............#
#....##.########.#
##.####.#
#.######## ##.#
#.# #@o......#
##.## #.#
########.# #.##
#<# #.# .## #.#
#.# )#### #.# #.#
....###.# #.#
###.....#
##########.#
#<#####
#..........# #.#
#.##########


You could see an orc wizard.

Vanquished Creatures
  An orc wizard (D:2)
  An adder (D:2)
  3 dart slugs
  A leopard gecko (D:1)
  2 orcs (D:2)
  2 giant cockroaches (D:1)
  5 hobgoblins
  A jackal (D:2)
  8 kobolds
  A quokka (D:2)
  4 bats
  8 frilled lizards
  5 goblins (D:1)
  4 rats
46 creatures vanquished.

Notes
Turn   | Place    | Note
-------+----------+-------------------------------------------
     0 | Abyss:1  | miragecloak the Merfolk Abyssal Knight began the quest for the Orb.
     0 | Abyss:1  | Reached XP level 1. HP: 18/18 MP: 2/2
     0 | Abyss:1  | Noticed a large abomination
     1 | D:1      | Escaped the Abyss
    91 | D:1      | Reached * piety under Lugonu
   219 | D:1      | Reached skill level 4 in Polearms
   219 | D:1      | Reached XP level 2. HP: 24/24 MP: 3/3
   489 | D:1      | Reached XP level 3. HP: 19/29 MP: 4/4
   713 | D:1      | Reached skill level 5 in Polearms
  1143 | D:2      | Reached ** piety under Lugonu
  1451 | D:2      | Found an ancient bone altar of Kikubaaqudgha.
  1455 | D:2      | Found a deep blue altar of Sif Muna.
  1457 | D:2      | Found a radiant altar of Vehumet.
  1466 | D:2      | Identified Sif Muna's Papyrus of Enhancements
  1531 | D:2      | Reached skill level 6 in Polearms
  1531 | D:2      | Reached XP level 4. HP: 30/35 MP: 5/5
  1874 | D:2      | Killed from afar by an orc wizard

Skill      XL: |  1  2  3 |
---------------+----------+-----
Polearms       | 4 6 |  6.7
Fighting       | |  3.2
Armour         | |  0.6
Dodging        | |  2.6
Invocations    | |  2.0

Action                   |  1- 3 |  4- 6 || total
-------------------------+-------+-------++-------
Melee: Spear             |   101 |       ||   101
       Trident           |    37 |    33 ||    70
Invok: Depart the Abyss  |     1 |       ||     1
 Stab: Sleeping          |     2 |       ||     2
  Eat: Chunk             |     1 |     2 ||     3
Armor: Leather armour    |    29 |     9 ||    38
Dodge: Dodged            |    59 |    23 ||    82
